 Dungeon Crawl Stone Soup version 0.20.0-15-g7f486f2 (webtiles) character file.

66 straycat the Sneak (level 3, 0/27 HPs)
             Began as a Vampire Wanderer on July 1, 2017.
             Slain by PhoenticPhoenix's ghost (8 damage)
             ... on level 3 of the Dungeon.
             The game lasted 00:06:08 (1860 turns).

straycat the Sneak (Vampire Wanderer)               Turns: 1860, Time: 00:06:08

Health: 0/27       AC:  6    Str: 10    XL:     3   Next: 96%
Magic:  4/4        EV: 11    Int: 11    God:
Gold:   22         SH:  0    Dex: 18    Spells: 4/4 levels left

rFire    . . .     SeeInvis +   c - +0 dagger
rCold    . . .     Gourm    .   (no shield)
rNeg     + . .     Faith    .   b - +0 ring mail
rPois    .         Spirit   .   n - +0 helmet
rElec    .         Reflect  .   (no cloak)
rCorr    .         Harm     .   (no gloves)
MR       .....                  (no boots)
Stlth    ++........             (no amulet)
Regen    0.1/turn               (no ring)
MPRegen  0.1/turn               (no ring)

@: no status effects
A: fangs 3, see invisible, unbreathing
a: Bat Form


You were on level 3 of the Dungeon.
You were not thirsty.

You visited 1 branch of the dungeon, and saw 3 of its levels.

You collected 22 gold pieces.

Inventory:

Hand Weapons
 c - a +0 dagger (weapon)
 h - a cursed -2 whip
Missiles
 g - 3 poisoned tomahawks (quivered)
 i - 23 stones
 m - 25 poisoned needles
 r - 23 sling bullets
Armour
 a - a +0 shield
 b - a +0 ring mail (worn)
 n - a +0 helmet (worn)
Scrolls
 e - 3 scrolls of remove curse {unknown}
 f - 2 scrolls of identify {unknown}
 j - a scroll of random uselessness {unknown}
 l - a scroll of fog {unknown}
 p - a scroll of recharging {unknown}
 q - a scroll of teleportation {unknown}
Potions
 d - 13 potions of blood
 k - a potion of cancellation {unknown}
 o - a potion of magic {unknown}


   Skills:
 * Level 1.6 Fighting
 + Level 0.7 Short Blades
   Level 1.0 Crossbows
 - Level 1.5 Armour
 * Level 2.3 Dodging
 + Level 3.0 Stealth
 - Level 1.0 Shields
 - Level 1.0 Spellcasting
   Level 2.0 Summonings
   Level 2.1 Transmutations


You had 4 spell levels left.
You didn't know any spells.

Dungeon Overview and Level Annotations

Branches:
Dungeon (3/15)

Altars:

Annotations:
D:2 Natasha, Terence
D:3 PhoenticPhoenix's ghost, amateur MfSu


Innate Abilities, Weirdness & Mutations

You have razor-sharp teeth.
You have supernaturally acute eyesight. (SInv)
You can survive without breathing.


Message History

The bat hits you but does no damage. The bat hits you but does no damage.
The bat closely misses you. The river rat bites you. The bat barely misses you.
You barely miss the bat. The bat hits you but does no damage.
The bat barely misses you. The bat hits you. The bat closely misses you.
You hit the bat.
The bat is heavily wounded.
The bat completely misses you. The bat hits you but does no damage.
The river rat misses you. The bat hits you.
PhoenticPhoenix's ghost screams, "What do you have that I didn't have?"
PhoenticPhoenix's ghost hits you.
You hit the bat.
You kill the bat!
The bat's corpse disappears in a puff of smoke!
The bat hits you but does no damage. The river rat bites you!
PhoenticPhoenix's ghost mumbles some strange words.
The bat barely misses you. PhoenticPhoenix's ghost hits you.
* * * LOW HITPOINT WARNING * * *
You are electrocuted!
You die...

##########
#........#
#.######.#
#.#<####.#
#.#......#
##.####.########
............>.$.
.#%####..###.###
#........bW@b.#
#.....#.###r#.#
#..........r# #
#.....g.....#
#........#.##
#......?.#...
#.#####.#####.#
.( ... # . ##.##


You could see PhoenticPhoenix's ghost, 2 river rats and 2 bats.

Vanquished Creatures
  2 adders (D:2)
  2 oozes (D:1)
  A dart slug (D:1)
  A leopard gecko (D:1)
  3 orcs (D:1)
  6 giant cockroaches
  4 hobgoblins (D:1)
  2 kobolds
  A quokka (D:2)
  A bat (D:1)
  5 frilled lizards (D:1)
  4 goblins (D:1)
  A rat (D:1)
33 creatures vanquished.

Notes
Turn   | Place    | Note
-------+----------+-------------------------------------------
     0 | D:1      | straycat the Vampire Wanderer began the quest for the Orb.
     0 | D:1      | straycat set off with: a +0 shield, a +0 ring mail, a +0 dagger, a potion of blood
     0 | D:1      | Reached XP level 1. HP: 13/13 MP: 2/2
   253 | D:1      | Reached skill level 1 in Fighting
   257 | D:1      | Reached skill level 1 in Dodging
   277 | D:1      | Reached XP level 2. HP: 16/21 MP: 3/3
   379 | D:1      | Reached skill level 2 in Stealth
   961 | D:1      | Reached XP level 3. HP: 18/26 MP: 4/4
  1298 | D:2      | Noticed Natasha
  1376 | D:2      | Reached skill level 3 in Stealth
  1570 | D:2      | Noticed Terence
  1845 | D:3      | Noticed PhoenticPhoenix's ghost (amateur MfSu)
  1860 | D:3      | Slain by PhoenticPhoenix's ghost

Skill      XL: |  1  2  3 |
---------------+----------+-----
Fighting       | 1 |  1.6
Dodging        | 1 2 |  2.3
Stealth        | 2 3 |  3.0
Short Blades   | |  0.7
Crossbows      | |  1.0
Armour         | |  1.5
Shields        | |  1.0
Spellcasting   | |  1.0
Summonings     | |  2.0
Transmutations | |  2.1

Action                   || total
-------------------------++-------
Melee: Dagger            ||   151
       Bite              ||    19
Throw: Tomahawk          ||     2
 Abil: End Transformatio ||     1
       Bat Form          ||     1
  Use: Potion            ||     2
 Stab: Sleeping          ||     2
  Eat: Corpse            ||     1
Armor: Ring mail         ||    47
Dodge: Dodged            ||    88
